 Dungeon Crawl Stone Soup version 0.20.0-15-g7f486f2 (webtiles) character file.

87689 Kriby the Executioner (level 15, -2/149 HPs)
             Began as a Hill Orc Fighter on June 6, 2017.
             Was a High Priest of Okawaru.
             Hit by a tomahawk thrown by an orc warrior (11 damage)
             ... led by an orc knight
             ... on level 15 of the Dungeon on June 10, 2017.
             The game lasted 00:56:37 (27360 turns).

Kriby the Executioner (Hill Orc Fighter)           Turns: 27360, Time: 00:56:38

Health: -2/149     AC: 26    Str: 26    XL:     15   Next: 91%
Magic:  15/21      EV: 14    Int:  8    God:    Okawaru [*****.]
Gold:   1522       SH:  0    Dex: 10    Spells: 14/14 levels left

rFire    . . .     SeeInvis .   D - +4 executioner's axe (freeze)
rCold    . . .     Gourm    .   (shield currently unavailable)
rNeg     . . .     Faith    .   u - +5 steam dragon scales
rPois    +         Spirit   .   Z - +2 helmet
rElec    .         Reflect  .   p - +2 cloak {rPois}
rCorr    +         Harm     .   H - +1 pair of gloves
MR       ++...     Clarity  +   w - +1 pair of boots {Fly}
Stlth    +++.......             (no amulet)
Regen    0.4/turn               z - ring of resist corrosion
MPRegen  0.2/turn               j - ring of protection from magic

@: heroism, finesse, flying, very slightly contaminated
A: iridescent scales 1, clarity
a: Heroism, Finesse, Renounce Religion, Stop Flying


You were on level 15 of the Dungeon.
You worshipped Okawaru.
Okawaru was extremely pleased with you.
You were very hungry.

You visited 3 branches of the dungeon, and saw 22 of its levels.
You also visited: Labyrinth and Ossuary.

You collected 1750 gold pieces.
You spent 228 gold pieces at shops.

Inventory:

Hand Weapons
 f - a +2 flail of crushing
 D - a +4 executioner's axe of freezing (weapon)
 R - a +2 broad axe of chopping
Missiles
 v - 5 steel javelins (quivered)
Armour
 p - a +2 cloak of poison resistance (worn)
 u - +5 steam dragon scales (worn)
 w - a +1 pair of boots of flying (worn)
 F - a +0 shield of protection
 H - a +1 pair of gloves (worn)
 Z - a +2 helmet (worn)
Magical Staves
 b - an uncursed staff of conjuration
 g - an uncursed staff of power
Jewellery
 i - a +3 ring of intelligence
 j - a ring of protection from magic (right hand)
 x - an uncursed ring of positive energy
 z - a ring of resist corrosion (left hand)
 N - an uncursed ring of magical power
 W - an uncursed ring of wizardry
Wands
 y - a wand of acid (8/15)
 B - a wand of digging (18/24)
 M - a wand of iceblast (8/15)
Scrolls
 a - 5 scrolls of recharging
 e - 15 scrolls of remove curse
 h - 3 scrolls of identify
 s - 5 scrolls of teleportation
 A - 6 scrolls of immolation
 I - 4 scrolls of amnesia
 O - 2 scrolls of enchant weapon
 X - a scroll of fear
Potions
 m - a potion of ambrosia
 t - a potion of agility
 C - 7 potions of curing
 G - 4 potions of mutation
 J - 4 potions of flight
 L - 2 potions of magic
 P - 2 potions of might
 Q - a potion of heal wounds
 S - 2 potions of haste
 U - 3 potions of brilliance
 Y - a potion of berserk rage
Miscellaneous
 c - a lamp of fire
 q - 2 boxes of beasts
 T - a fan of gales
 V - a phial of floods
Comestibles
 n - 11 meat rations
 o - 12 fruits
 r - 14 royal jellies
 E - 6 bread rations


   Skills:
 + Level 17.9(22.9) Fighting
 * Level 22.1(27) Axes
 - Level 5.9(10.9) Armour
 - Level 12.1(17.1) Shields
 - Level 8.7 Invocations


You had 14 spell levels left.
You didn't know any spells.

Dungeon Overview and Level Annotations

Branches:
Dungeon (15/15)            Temple (1/1) D:4            Lair (6/6) D:11
 Shoals (0/4) Lair:2       Spider (0/4) Lair:4        Slime (0/5) Lair:6
    Orc (0/2) D:10         Vaults (0/5) D:13
 Depths: D:15

Altars:
Ashenzari
Cheibriados
Dithmenos
Elyvilon
Fedhas
Gozag
Hepliaklqana
Kikubaaqudgha
Makhleb
Nemelex Xobeh
Okawaru
Qazlal
Ru
Sif Muna
Trog
Uskayaw
Vehumet
Xom
Yredelemnul
Zin
The Shining One
Jiyva

Shops:
D:4 [

Annotations:
D:3 boben's ghost, amateur DrMo
D:5 Prince Ribbit
D:6 Remaster19's ghost, novice FoFi


Innate Abilities, Weirdness & Mutations

You are partially covered in iridescent scales. (AC +2)
You possess an exceptional clarity of mind.


Message History

The orc knight is almost dead.
You cut something into ribbons!!! You freeze something.
Okawaru accepts your kill.
Reactivating autopickup.
You feel a bit more experienced.
You hit the orc knight but do no damage.
The orc knight is almost dead.
The orc warrior hits you from afar with a trident!
* * * LOW HITPOINT WARNING * * *
The deep elf mage mumbles some strange words.
The deep elf mage blinks!
An orc wizard comes into view. It is wielding a dagger of speed.
Okay, then.
Blink to where?
Press: ? - help, Dir - move target cursor You are very lightly contaminated with residual magic.
As you read the scroll of blinking, it crumbles to dust.
You see here 2 arrows.
The orc warrior throws a tomahawk.
The tomahawk hits you!
You die...

............#
##....o..#.####
#....)..#.....
#####oo....## #
#......# .#
#.....###.#
#.....)...# ###
#....)(.#####.#
..........#@#.....#
..[..#....#.#.###.#
......#....#.....#.#
......#....#.(.#.#.#
......##...#..(#.#.#
..... ##..###.# #.#
#... #.# #.# #.# #.#
..# #.#########


You could see an orc knight and 2 orc warriors.

Vanquished Creatures
  Kirke (Lair:5)
  A fire dragon (D:15)
  Josephine (D:10)
  A minotaur (Lab)
  2 rakshasas
  7 hydras
  2 centaur warriors (D:14)
  7 two-headed ogres
  A death knight (D:14)
  2 dancing weapons (D:13)
  6 death yaks (Lair:6)
  5 tengu warriors
  Urug (D:10)
  Sonja (D:10)
  4 skeletal warriors (D:14)
  2 unseen horrors
  2 swamp dragons (Lair:5)
  The ghost of Naow the Slasher, a novice DrBe of Trog (D:7)
  The ghost of cutslo the Covered, a novice MiFi (D:5)
  Pikel (D:8)
  4 harpies (D:14)
  An orb spider (Lair:4)
  2 ugly things
  A cyclops (D:11)
  10 elephants
  An oklob plant (D:11)
  2 salamanders (shapeshifter) (D:15)
  2 manticores
  Maurice (D:8)
  A torpor snail (Lair:4)
  10 spiny frogs
  6 black mambas
  5 gargoyles
  3 freezing wraiths
  An efreet (D:11)
  3 komodo dragons
  6 rime drakes
  A tengu conjurer (D:14)
  2 trolls
  6 polar bears
  A meliai (shapeshifter) (D:15)
  A queen bee (D:13)
  5 hornets
  A wind drake (shapeshifter) (D:14)
  A polar bear (shapeshifter) (D:15)
  3 slime creatures (D:13)
  8 hippogriffs
  6 dream sheep
  13 spriggans (Lair:6)
  The ghost of sreda the Ruffian, an amateur OgTm (D:4)
  A hog (Lair:5)
  3 wyverns
  3 humans (Lair:5)
  50 yaks
  4 wraiths
  4 fire bats (D:13)
  A steam dragon (D:9)
  6 vampire mosquitoes
  Menkaure (D:6)
  3 soldier ants
  Edmund (D:5)
  A swamp worm (Lair:5)
  A warg (D:15)
  An acid dragon (D:11)
  10 porcupines
  A hell hound (D:13)
  4 swamp drakes (Lair:5)
  12 water moccasins
  3 ice beasts
  3 sky beasts
  3 eyes of draining
  4 slaves (D:8)
  6 black bears
  13 orc warriors
  3 ogres
  2 phantoms
  8 boggarts
  An ice beast (shapeshifter) (D:14)
  23 wolves (Lair:6)
  10 crocodiles
  11 centaurs
  2 big kobolds (D:10)
  20 bullfrogs
  A wyvern zombie (D:11)
  5 scorpions
  2 water moccasin skeletons
  30 killer bees
  11 wights
  3 electric eels
  5 crimson imps
  A bullfrog zombie (D:11)
  3 howler monkeys
  2 lava snakes (D:13)
  A quasit (D:12)
  4 hounds
  7 jellies
  2 bullfrog skeletons
  A human zombie (Ossuary)
  9 orc priests
  31 orc wizards
  7 centaur skeletons
  5 worker ants
  8 iguanas
  A killer bee zombie (D:8)
  A big kobold zombie (Ossuary)
  A hound zombie (D:5)
  2 mummies (Ossuary)
  A worker ant zombie (D:9)
  4 gnolls (D:4)
  15 adders
  A white imp (D:9)
  An ooze (D:2)
  A worm (D:2)
  2 dart slugs (D:2)
  8 leopard geckos
  50 orcs
  3 giant cockroaches
  2 gnoll zombies (Ossuary)
  6 goblins
  6 hobgoblins
  13 jackals
  4 quokkas
  7 ball pythons
  A ball python skeleton (D:4)
  3 bats
  8 frilled lizards
  A goblin skeleton (D:9)
  A goblin zombie (Ossuary)
  3 hobgoblin zombies
  14 kobolds
  A kobold skeleton (D:9)
  A kobold zombie (Ossuary)
  3 orc skeletons (D:9)
  3 orc zombies
  2 quokka zombies (D:6)
  7 rats
  3 fire vortices (D:13)
  A fungus (Lair:2)
  14 plants
709 creatures vanquished.

Vanquished Creatures (others)
  An adder (D:8)
  An adder skeleton (D:8)
  2 giant cockroaches (D:3)
  A quokka (D:10)
  10 fungi (Lair:6)
  2 plants (Lair:6)
17 creatures vanquished.

Grand Total: 726 creatures vanquished

Notes
Turn   | Place    | Note
-------+----------+-------------------------------------------
     0 | D:1      | Kriby the Hill Orc Fighter began the quest for the Orb.
     0 | D:1      | Reached XP level 1. HP: 19/19 MP: 1/1
    40 | D:1      | Reached skill level 3 in Axes
    42 | D:1      | Reached XP level 2. HP: 26/27 MP: 2/2
   444 | D:1      | Reached XP level 3. HP: 28/33 MP: 3/3
  1588 | D:2      | Reached XP level 4. HP: 15/40 MP: 4/4
  1879 | D:3      | Reached skill level 4 in Axes
  2010 | D:3      | Reached XP level 5. HP: 47/47 MP: 5/5
  2021 | D:3      | Found a white marble altar of Elyvilon.
  2404 | D:3      | Found a sparkling altar of Nemelex Xobeh.
  2408 | D:3      | Noticed boben's ghost (amateur DrMo)
  2560 | D:4      | Noticed an ogre
  2572 | D:4      | Killed an ogre
  2774 | D:4      | Reached XP level 6. HP: 54/55 MP: 6/6
  2810 | D:4      | Reached skill level 5 in Fighting
  2830 | D:4      | Noticed sreda's ghost (amateur OgTm)
  2849 | D:4      | Killed sreda's ghost
  2849 | D:4      | Reached skill level 5 in Axes
  2849 | D:4      | Reached skill level 5 in Armour
  2853 | D:4      | Found Xot Fenk's Antique Armour Shoppe.
  2878 | D:4      | Reached skill level 5 in Shields
  2878 | D:4      | Reached XP level 7. HP: 57/61 MP: 7/7
  2938 | D:4      | Found a staircase to the Ecumenical Temple.
  3114 | Temple   | Entered the Ecumenical Temple
  3292 | Temple   | Became a worshipper of Warmaster Okawaru
  3350 | D:4      | Reached skill level 6 in Axes
  3622 | D:4      | Reached skill level 7 in Axes
  3761 | D:4      | Bought a fine cloak for 228 gold pieces
  3761 | D:4      | Identified the cursed +0 cloak of Hirod {rN+ Str+4} (You bought it in a shop on level 4 of the Dungeon)
  3840 | D:4      | Reached XP level 8. HP: 56/71 MP: 8/8
  4015 | D:5      | Entered Level 5 of the Dungeon
  4080 | D:5      | Noticed Edmund
  4090 | D:5      | Reached skill level 8 in Axes
  4092 | D:5      | Reached * piety under Okawaru
  4100 | D:5      | Killed Edmund
  4328 | D:5      | Reached skill level 9 in Axes
  4402 | D:5      | Noticed cutslo's ghost (novice MiFi)
  4423 | D:5      | Killed cutslo's ghost
  4423 | D:5      | Reached ** piety under Okawaru
  4423 | D:5      | Reached skill level 10 in Axes
  4423 | D:5      | Reached XP level 9. HP: 57/81 MP: 9/9
  4663 | D:5      | Noticed Prince Ribbit
  5540 | D:6      | Reached skill level 11 in Axes
  5560 | D:6      | Found a sand-covered staircase.
  5572 | Ossuary  | Entered an ossuary
  5846 | D:6      | Noticed Menkaure
  5852 | D:6      | Killed Menkaure
  6077 | D:6      | Noticed Remaster19's ghost (novice FoFi)
  6227 | D:6      | Gained mutation: You are partially covered in iridescent scales. (AC +2) [potion of mutation]
  6227 | D:6      | Gained mutation: You possess an exceptional clarity of mind. [potion of mutation]
  6438 | D:7      | Found an ancient bone altar of Kikubaaqudgha.
  6450 | D:7      | Found a glowing silver altar of Zin.
  6526 | D:7      | Noticed Naow's ghost (novice DrBe)
  6572 | D:7      | Killed Naow's ghost
  6572 | D:7      | Reached *** piety under Okawaru
  6572 | D:7      | Reached skill level 12 in Axes
  7130 | D:7      | Received a gift from Okawaru
  7130 | D:7      | Reached skill level 13 in Axes
  7362 | D:7      | Reached XP level 10. HP: 80/92 MP: 10/10
  7528 | D:8      | Noticed Maurice
  7602 | D:8      | Reached **** piety under Okawaru
  7602 | D:8      | Reached skill level 10 in Fighting
  7838 | D:8      | Noticed Pikel
  7856 | D:8      | Killed Pikel
  7856 | D:8      | Reached skill level 14 in Axes
  8106 | D:8      | Killed Maurice
  8488 | D:9      | Found a glowing golden altar of the Shining One.
  8518 | D:9      | Noticed a two-headed ogre
  8528 | D:9      | Killed a two-headed ogre
  8528 | D:9      | Reached ***** piety under Okawaru
  8528 | D:9      | Received a gift from Okawaru
  8528 | D:9      | Reached skill level 15 in Axes
  8962 | D:9      | Reached XP level 11. HP: 92/102 MP: 11/11
  9455 | D:9      | Received a gift from Okawaru
  9918 | D:10     | Entered Level 10 of the Dungeon
  9939 | D:10     | Noticed Josephine
  9954 | D:10     | Reached skill level 16 in Axes
  9963 | D:10     | HP: 3/104 [Josephine/ghostly fireball (25)]
 10233 | D:10     | Received a gift from Okawaru
 10301 | D:10     | Killed Josephine
 10562 | D:10     | Found a staircase to the Orcish Mines.
 10645 | D:10     | Noticed a two-headed ogre
 10647 | D:10     | Noticed Sonja
 10652 | D:10     | Killed a two-headed ogre
 10652 | D:10     | Reached skill level 17 in Axes
 10659 | D:10     | Killed Sonja
 10783 | D:10     | Noticed Urug
 11082 | D:10     | Killed Urug
 11082 | D:10     | Reached skill level 1 in Invocations
 11144 | D:10     | Upgraded the game from 0.20.0-10-g0535bb4 to 0.20.0-15-g7f486f2
 11586 | D:11     | Noticed a rakshasa
 11632 | D:11     | Found an iron altar of Okawaru.
 11642 | D:11     | Killed a rakshasa
 11642 | D:11     | Reached XP level 12. HP: 53/113 MP: 12/14
 12023 | D:11     | Found a staircase to the Lair.
 12074 | D:11     | Reached skill level 18 in Axes
 12446 | D:11     | Received a gift from Okawaru
 12475 | D:11     | Noticed a two-headed ogre
 12480 | D:11     | Killed a two-headed ogre
 12480 | D:11     | Reached skill level 5 in Invocations
 12582 | D:11     | Identified the +6 trident "Nymoank" {pierce, rF+ Int+6} (You found it on level 11 of the Dungeon)
 12653 | D:11     | Noticed a two-headed ogre
 12659 | D:11     | Killed a two-headed ogre
 13509 | D:12     | Noticed an eight-headed hydra
 13524 | D:12     | Killed an eight-headed hydra
 13743 | D:12     | Noticed a two-headed ogre
 13754 | D:12     | Killed a two-headed ogre
 13873 | D:12     | Noticed a two-headed ogre
 13879 | D:12     | Killed a two-headed ogre
 13879 | D:12     | Received a gift from Okawaru
 14009 | D:12     | Reached skill level 19 in Axes
 14555 | Lair:1   | Entered Level 1 of the Lair of Beasts
 14805 | Lair:1   | Reached XP level 13. HP: 123/123 MP: 18/18
 15504 | Lair:2   | Found a staircase to the Shoals.
 15977 | Lair:2   | Received a gift from Okawaru
 17390 | Lair:3   | You fall through a shaft for 2 floors!
 17498 | Lair:5   | Found a labyrinth entrance.
 17509 | Lab      | Entered a labyrinth
 17792 | Lab      | Noticed a minotaur
 17808 | Lab      | Killed a minotaur
 17808 | Lab      | Reached skill level 20 in Axes
 17908 | Lair:5   | Noticed Kirke
 17919 | Lair:5   | Killed Kirke
 18187 | Lair:5   | Identified the +4 hand crossbow of the Lettuce {elec, rPois Str+4} (You found it on level 5 of the Lair of Beasts)
 18722 | Lair:5   | Received a gift from Okawaru
 18722 | Lair:5   | Reached skill level 15 in Fighting
 18723 | Lair:5   | Got a dazzling ring mail {god gift}
 18724 | Lair:5   | Identified the +1 ring mail "Wech" {+Fly MP-9 Int+4} (Okawaru gifted it to you on level 5 of the Lair of Beasts)
 19035 | Lair:5   | Reached XP level 14. HP: 135/135 MP: 20/20
 19153 | Lair:6   | Entered Level 6 of the Lair of Beasts
 19475 | Lair:6   | Reached skill level 10 in Shields
 20650 | Lair:6   | Reached ****** piety under Okawaru
 20787 | Lair:6   | Received a gift from Okawaru
 20813 | Lair:6   | Found a viscous altar of Jiyva.
 20814 | Lair:6   | Found a staircase to the Slime Pits.
 21654 | Lair:4   | Found a hole to the Spider Nest.
 21962 | Lair:4   | Reached XP level 15. HP: 135/146 MP: 21/21
 23032 | D:13     | Received a gift from Okawaru
 23447 | D:13     | Found a gate to the Vaults.
 24525 | D:14     | Reached skill level 21 in Axes
 25248 | D:14     | Identified the +11 spear of Ru's Generosity {venom, +Rage rC- Str+2} (You found it on level 14 of the Dungeon)
 26181 | D:14     | Received a gift from Okawaru
 26703 | D:15     | Entered Level 15 of the Dungeon
 26950 | D:15     | Reached skill level 22 in Axes
 27360 | D:15     | Hit by a tomahawk thrown by an orc warrior

Skill      XL: |  1  2  3  4  5  6  7  8  9 10 11 12 13 14 15 |
---------------+----------------------------------------------+-----
Axes           | 3 4 5 7 10 13 15 17 19 20 22 | 22.1
Fighting       | 4 5 6 8 9 11 12 13 15 16 17 | 17.9
Armour         | 4 5 |  5.9
Shields        | 4 5 8 12 | 12.1
Invocations    | 3 7 8 |  8.7

Action                   |  1- 3 |  4- 6 |  7- 9 | 10-12 | 13-15 || total
-------------------------+-------+-------+-------+-------+-------++-------
Melee: War axe           |    83 |   119 |   467 |   639 |       ||  1308
       Battleaxe         |    41 |       |       |       |       ||    41
       Broad axe         |       |       |       |   224 |   492 ||   716
       Flail             |       |       |       |    11 |    44 ||    55
       Executioner's axe |       |       |       |       |   436 ||   436
Throw: Javelin           |       |       |     8 |     7 |       ||    15
Invok: Heroism           |       |       |       |     5 |    11 ||    16
       Finesse           |       |       |       |     1 |     6 ||     7
Evoke: Wand              |       |       |     1 |     9 |    12 ||    22
       Lamp of fire      |       |       |       |     1 |       ||     1
  Use: Potion            |     1 |     2 |     9 |     7 |     6 ||    25
       Scroll            |     1 |       |    12 |    11 |    18 ||    42
 Stab: Distracted        |       |       |       |     2 |       ||     2
       Paralysed         |       |       |       |     9 |       ||     9
  Eat: Chunk             |     2 |     5 |     4 |    24 |    35 ||    70
       Bread ration      |       |       |     2 |       |       ||     2
       Royal jelly       |       |       |     1 |       |       ||     1
       Fruit             |       |       |       |       |     5 ||     5
Armor: Scale mail        |    77 |       |       |       |       ||    77
       Chain mail        |    24 |    76 |   256 |    15 |       ||   371
       Plate armour      |       |       |       |   372 |    90 ||   462
       Steam dragon scal |       |       |       |       |   517 ||   517
Dodge: Dodged            |    68 |    20 |    64 |   130 |   420 ||   702
Block: Shield            |    50 |    56 |   219 |   326 |   314 ||   965
